 Dungeon Crawl Stone Soup version 0.21.1-1-g345015f (webtiles) character file.

392 Fang the Chopper (level 6, 0/39 HPs)
             Began as a Gargoyle Berserker on Apr 26, 2018.
             Was an Elder of Trog.
             Slain by an orc warrior
             ... wielding a +0 battleaxe
              (3 damage)
             ... on level 5 of the Dungeon.
             The game lasted 00:05:15 (4044 turns).

Fang the Chopper (Gargoyle Berserker)               Turns: 4044, Time: 00:05:15

Health: 0/39       AC: 13    Str: 25    XL:     6   Next: 80%
Magic:  6/6        EV: 12    Int:  8    God:    Trog [****..]
Gold:   263        SH:  0    Dex:  9    Spells: 5/5 levels left

rFire    . . .     SeeInvis .   t - +1 flail (protect)
rCold    . . .     Gourm    .   (no shield)
rNeg     + . .     Faith    .   b - +0 animal skin
rPois    ∞         Spirit   .   (no helmet)
rElec    +         Reflect  .   (no cloak)
rCorr    +         Harm     .   (no gloves)
MR       .....                  (no boots)
Stlth    +.........             (no amulet)
HPRegen  0.13/turn              d - +3 ring of strength
MPRegen  0.10/turn              o - ring of resist corrosion

@: protection aura
A: negative energy resistance 1, electricity resistance, unbreathing,
petrification resistance, rot immunity, AC +4
a: Berserk, Trog's Hand, Brothers in Arms, Burn Spellbooks, Renounce Religion


You were on level 5 of the Dungeon.
You worshipped Trog.
Trog was greatly pleased with you.
You were near starving.

You visited 1 branch of the dungeon, and saw 5 of its levels.

You collected 263 gold pieces.

Inventory:

Hand Weapons
 l - a +0 hand axe of chopping
 t - a +1 flail of protection (weapon)
Armour
 b - a +0 animal skin (worn)
Jewellery
 d - a +3 ring of strength (left hand)
 o - a ring of resist corrosion (right hand)
Wands
 a - a wand of paralysis (12)
 n - a wand of random effects (19)
Scrolls
 e - 5 scrolls of teleportation
 g - a scroll of identify
 p - 2 scrolls of magic mapping
 r - 3 scrolls of remove curse
Potions
 f - 2 potions of magic
 h - 2 potions of ambrosia
 i - a potion of invisibility
 j - 2 potions of curing
 k - 2 potions of heal wounds
 m - a potion of experience {unknown}
 q - a potion of might
 s - a potion of agility {unknown}
Comestibles
 c - 10 rations


   Skills:
 + Level 4.7 Fighting
 + Level 5.2 Axes
 + Level 2.3 Armour
 + Level 3.0 Dodging
 + Level 0.8 Stealth


You had 5 spell levels left.
You didn't know any spells.

Dungeon Overview and Level Annotations

Branches:
Dungeon (5/15)
 Temple: D:4-7

Altars:
Dithmenos
Sif Muna
Yredelemnul


Innate Abilities, Weirdness & Mutations

You are resistant to torment.
Your stone body is resilient. (AC +4)
You are immune to poison.
You resist negative energy. (rN+)
You are resistant to electric shocks. (rElec)
You can survive without breathing.
You are immune to petrification.
You are immune to rotting.


Message History

2 orcs come into view.
Unknown command.
You closely miss the orc warrior.
The orc shouts!
Unknown command.
The orc shouts!
You hit the orc warrior.
Your weapon exudes an aura of protection.
The orc warrior is lightly wounded.
You hear a shout!
The orc warrior barely misses you.
An orc comes into view. It is wielding a flail.
You hit the orc warrior.
The orc warrior is lightly wounded.
The orc warrior barely misses you. The orc priest closely misses you.
Unknown command.
You hit the orc warrior.
The orc warrior is moderately wounded.
The orc warrior hits you with a battleaxe.
You die...

##.....## ###
##...## ##'##
#.# #.# ##.##
##...## #.....#
##@..##
)(.....oo.....#
%......#.#.....
........o..##.#
......o#.### #
.8.8.#. .#
.....#. o#
.###... o.


You could see an orc warrior, an orc priest and 4 orcs.

Vanquished Creatures
  3 orc wizards
  A hound (D:4)
  An orc priest (D:3)
  Jessica (D:3)
  3 worker ants (D:4)
  3 adders
  An ooze (D:3)
  An adder zombie (D:3)
  4 worms
  5 dart slugs
  7 leopard geckos
  8 orcs
  6 bats
  3 giant cockroaches (D:2)
  6 goblins
  6 hobgoblins
  4 jackals (D:4)
  3 kobolds
  3 quokkas
  3 ball pythons
  7 frilled lizards
  A jackal skeleton (D:4)
  A quokka zombie (D:3)
  9 rats
90 creatures vanquished.

Notes
Turn   | Place    | Note
-------+----------+-------------------------------------------
     0 | D:1      | Fang the Gargoyle Berserker began the quest for the Orb.
     0 | D:1      | Reached XP level 1. HP: 14/14 MP: 1/1
   103 | D:1      | Reached XP level 2. HP: 11/19 MP: 2/2
   225 | D:1      | Reached skill level 3 in Axes
   447 | D:1      | Reached XP level 3. HP: 14/24 MP: 3/3
   753 | D:2      | Reached ** piety under Trog
  1116 | D:2      | Reached XP level 4. HP: 16/29 MP: 4/4
  2174 | D:3      | Found a basalt altar of Yredelemnul.
  2185 | D:3      | Reached *** piety under Trog
  2185 | D:3      | Reached skill level 4 in Axes
  2186 | D:3      | Found a shadowy altar of Dithmenos.
  2214 | D:3      | Reached XP level 5. HP: 26/33 MP: 5/5
  2330 | D:3      | Found a deep blue altar of Sif Muna.
  2556 | D:3      | Noticed Jessica
  2565 | D:3      | Killed Jessica
  2700 | D:4      | Reached XP level 6. HP: 11/39 MP: 6/6
  3172 | D:4      | Reached skill level 5 in Axes
  3624 | D:4      | Reached **** piety under Trog
  3987 | D:5      | Entered Level 5 of the Dungeon
  4036 | D:5      | Noticed an orc warrior
  4044 | D:5      | Slain by an orc warrior

Skill      XL: |  1  2  3  4  5  6 |
---------------+-------------------+-----
Axes           | 3 4 5 |  5.2
Dodging        | 2 3 |  3.0
Fighting       | 4 |  4.7
Armour         | |  2.3
Stealth        | |  0.8

Action                   |  1- 3 |  4- 6 || total
-------------------------+-------+-------++-------
Melee: Hand axe          |    97 |   171 ||   268
       Flail             |       |    26 ||    26
Invok: Berserk           |     1 |     4 ||     5
  Use: Scroll            |       |    11 ||    11
 Stab: Sleeping          |       |     1 ||     1
  Eat: Chunk             |     1 |    12 ||    13
Armor: Animal skin       |    75 |    61 ||   136
Dodge: Dodged            |   122 |   129 ||   251
